 Dungeon Crawl Stone Soup version 0.27.0 (webtiles) character file.

Game seed: 14205668810507610882

68 lmSkywalker the Insei (level 4, -10/32 HPs)
             Began as a Djinni Transmuter on July 31, 2021.
             Killed by divine providence
             ... invoked by an orc priest
              (13 damage)
             ... on level 3 of the Dungeon.
             The game lasted 00:06:47 (2020 turns).

lmSkywalker the Insei (Djinni Transmuter)           Turns: 2020, Time: 00:06:48

Health: -10/32     AC:  2    Str: 10    XL:     4   Next: 41%
Gold:   91         EV: 16    Int: 21    God:
                   SH:  0    Dex: 13

rFire    + + .     SeeInvis .     - Unarmed
rCold    x . .     Faith    .   (no shield)
rNeg     . . .     Spirit   .   a - +0 robe
rPois    ∞         Reflect  .   (helmet currently unavailable)
rElec    .         Harm     .   (no cloak)
rCorr    .         Rampage  .   (no gloves)
Will     .....                  (boots unavailable)
Stlth    ++........             b - amulet of regeneration
HPRegen  1.10/turn              c - +6 ring of intelligence
MPRegen  0.00/turn              k - +4 ring of evasion

@: appendages (expiring), wereblooded, flying
A: horns 2, flying, sickness immunity, fire resistance 2, cold vulnerability 1,
float, innate caster, hp casting, extra vitality 1
a: End Transformation


You were on level 3 of the Dungeon.
You had temporarily grown beastly horns.
You visited 1 branch of the dungeon, and saw 3 of its levels.

You collected 91 gold pieces.

Inventory:

Armour
 a - a +0 robe (worn)
Jewellery
 b - an amulet of regeneration (around neck)
 c - a +6 ring of intelligence (left hand)
 k - a +4 ring of evasion (right hand)
Scrolls
 d - 2 scrolls of fog {unknown}
 f - 2 scrolls of immolation {unknown}
 g - a scroll of blinking {unknown}
 l - 2 scrolls of identify {unknown}
 m - a scroll of teleportation {unknown}
 n - 2 scrolls of acquirement {unknown}
 o - a scroll of enchant armour {unknown}
Potions
 e - a potion of flight {unknown}
 h - a potion of mutation {unknown}
 i - 2 potions of heal wounds {unknown}
 j - a potion of attraction {unknown}


   Skills:
 + Level 1.3 Fighting
 + Level 2.9 Dodging
 + Level 1.4 Stealth
 + Level 3.5 Unarmed Combat
 + Level 2.0 Spellcasting


You couldn't memorise any spells.
You knew the following spells:

 Your Spells              Type           Power      Damage    Failure   Level
a - Beastly Appendage     Tmut           20%        N/A       6%          1
b - Wereblood             Tmut           10%        N/A       10%         2
c - Spider Form           Tmut/Pois      5%         N/A       19%         3
d - Ice Form              Ice/Tmut       10%        N/A       52%         4
e - Apportation           Tloc           20%        N/A       6%          1
Your spell library was empty.

Dungeon Overview and Level Annotations

Branches:
Dungeon (3/15)

Altars:

Shops:
D:2 :


Innate Abilities, Weirdness & Mutations

You have temporarily grown beastly horns.
You are flying.
You are immune to sickness and miasma.
You are immune to poison.
Your flesh is very heat resistant. (rF++)
You are vulnerable to cold. (rC-)
You float through the air rather than walking.
You learn spells naturally, not from books.
Your magical power is your life essence.
You have superior vitality. (+4 HP)


Message History

The orc priest calls upon Beogh to heal the orc priest.
The orc priest's wounds heal themselves!
The orc priest hits you with a +0 hand axe.
You barely miss the orc priest. Your headbutt misses the orc priest.
The orc priest misses you.
You hit the orc priest.
The orc priest is moderately wounded.
Your horns disappear.
The orc priest misses you.
You hit the orc priest but do no damage.
The orc priest is moderately wounded.
The orc priest hits you with a +0 hand axe.
Casting: Wereblood (safe; 10% risk of failure)
Confirm with . or Enter, or press ? or * to list all spells.
You grow a pair of large bovine horns.
Your transformation is almost over.
The orc priest hits you with a +0 hand axe.
The orc priest calls down the wrath of Beogh upon you.
You barely resist.
The orc priest invokes the aid of Beogh against you.
Beogh smites you!
You barely miss the orc priest.
The orc priest is moderately wounded.
The orc priest barely misses you.
You closely miss the orc priest.
The orc priest is moderately wounded.
The orc priest mumbles some strange prayers to Beogh against you.
Pain shoots through your body!
* * * LOW HITPOINT WARNING * * *
You hit the orc priest but do no damage.
You headbutt the orc priest.
The orc priest is moderately wounded.
The orc priest invokes the aid of Beogh against you.
Pain shoots through your body!
* * * LOW HITPOINT WARNING * * *
You hit the orc priest.
The orc priest is heavily wounded.
The orc priest mumbles some strange prayers to Beogh against you.
Beogh smites you!
You die...

#########....##..'.#
######..8### ##...##
#8..###########
#.<.# #.o...oo.
#8..###)# ##...##)#
##:)8#.# ##.@oo#
##8### ###


You could see 2 orc priests.

Vanquished Creatures
  An adder (D:2)
  3 worms
  2 dart slugs
  3 orcs (D:3)
  2 giant cockroaches
  3 goblins (D:1)
  5 hobgoblins
  2 quokkas (D:3)
  8 ball pythons
  4 bats
  3 frilled lizards
  4 kobolds
  2 rats
42 creatures vanquished.

Notes
Turn   | Place    | Note
-------+----------+-------------------------------------------
     0 | D:1      | lmSkywalker the Djinni Transmuter began the quest for the
                  | Orb.
     0 | D:1      | Reached XP level 1. HP: 17/17 MP: 0/0
   344 | D:1      | Found a faded altar of an unknown god.
   370 | D:1      | Reached XP level 2. HP: 22/22 MP: 0/0
   836 | D:2      | Found Irahausk's Book Emporium.
   863 | D:2      | Reached XP level 3. HP: 23/27 MP: 0/0
   863 | D:2      | Learned a level 1 spell: Apportation
   969 | D:2      | Reached skill level 1 in Stealth
  1469 | D:3      | Reached XP level 4. HP: 32/32 MP: 0/0
  2020 | D:3      | Killed from afar by an orc priest

Illustrated notes

Levels and vault maps discovered:
D:1:      dpeg_arrival_pits, layout_loops_ring, basic_ecumenical_altar
D:2:      layout_basic, serial_shops, nicolae_shop_competitors_out_of_business
D:3:      layout_basic, grunt_ministairs_8

Skill      XL: |  1  2  3 |
---------------+----------+-----
Stealth        | 1 |  1.4
Spellcasting   | 2 |  2.0
Fighting       | |  1.3
Dodging        | |  2.9
Unarmed Combat | |  3.5

Action                   |  1- 3 |  4- 6 || total
-------------------------+-------+-------++-------
Melee: Unarmed           |   107 |    42 ||   149
       Headbutt          |    17 |     9 ||    26
       Punch             |     2 |     1 ||     3
 Cast: Beastly Appendage |    27 |    10 ||    37
       Wereblood         |     7 |     5 ||    12
Armor: Robe              |     8 |     8 ||    16
Dodge: Dodged            |    69 |    37 ||   106
